 Dungeon Crawl Stone Soup version 0.31-a0-1009-g454b1f1e0a (webtiles) character file.

Game seed: 1695084077860426350

13791 BinkBink the Eclecticist (level 11, 0/54 HPs)
             Began as a Deep Elf Conjurer on Nov 15, 2023.
             Was a Believer of Vehumet.
             Slain by a cane toad (13 damage)
             ... on level 2 of the Lair of Beasts on Nov 16, 2023.
             The game lasted 00:57:27 (14192 turns).

BinkBink the Eclecticist (Deep Elf Conjurer)       Turns: 14192, Time: 00:57:28

Health: 0/54       AC: 12    Str:  4    XL:     11   Next: 80%
Magic:  27/32      EV: 12    Int: 31    God:    Vehumet [**....]
Gold:   474        SH:  0    Dex: 13    Spells: 16/41 levels left

rFire   + . .        z - +7 long sword "Ziul" {vamp, rF+ Int+3}
rCold   . . .        (no shield)
rNeg    . . .        a - +0 robe
rPois   .            (no helmet)
rElec   .            g - +0 cloak
rCorr   .            q - +0 pair of gloves
SInv    .            (no boots)
Will    +....        (no amulet)
Stlth   ++           y - +4 ring of protection
HPRegen 0.29/turn    A - +4 ring of protection
MPRegen 0.23/turn

%: no passive effects
@: lethally poisoned (0 -> -11), swift, quick
A: no striking features
a: Renounce Religion


You were on level 2 of the Lair of Beasts.
You worshipped Vehumet.
Vehumet was pleased with you.
You visited 3 branches of the dungeon, and saw 12 of its levels.

You collected 536 gold pieces.
You spent 62 gold pieces at shops.

Inventory:

Hand Weapons
 z - the +7 long sword "Ziul" (weapon) {vamp, rF+ Int+3}
   (You found it on level 6 of the Dungeon)

   Int+3:     It affects your intelligence (+3).
   rF+:       It protects you from fire.
 D - the +8 long sword of Purpose {flame, Int+4}
   (You took it off Maggie on level 8 of the Dungeon)

   Int+4:     It affects your intelligence (+4).
Armour
 a - a +0 robe (worn)
 g - a +0 cloak (worn)
 q - a +0 pair of gloves (worn)
Jewellery
 h - a ring of ice
 r - a ring of ice
 y - a +4 ring of protection (left hand)
 A - a +4 ring of protection (right hand)
 B - a ring of resist corrosion
 M - a +4 ring of protection
Wands
 C - a wand of polymorph (15)
 E - a wand of digging (8)
 L - a wand of paralysis (4)
Scrolls
 k - 4 scrolls of fog
 l - a scroll of vulnerability
 s - 5 scrolls of fear
 u - 2 scrolls of teleportation
 x - a scroll of enchant weapon
 F - a scroll of enchant armour
 H - 2 scrolls of revelation
 I - a scroll of torment
 K - a scroll of amnesia
 N - a scroll of identify
Potions
 b - a potion of magic
 c - a potion of ambrosia
 d - a potion of resistance
 e - 3 potions of brilliance
 f - 5 potions of heal wounds
 i - 2 potions of curing
 j - 2 potions of invisibility
 m - a potion of experience {unknown}
 n - 3 potions of might {unknown}
 o - a potion of attraction {unknown}
 p - 2 potions of mutation {unknown}
 t - 2 potions of degeneration {unknown}
 v - a potion of berserk rage {unknown}
 w - a potion of cancellation {unknown}
 G - 2 potions of enlightenment {unknown}
 J - a potion of lignification {unknown}


   Skills:
 - Level 2.4 Dodging
 - Level 2.4 Stealth
 + Level 15.8 Spellcasting
 + Level 13.8 Conjurations
 - Level 3.0 Translocations
 - Level 3.0 Ice Magic
 - Level 7.0 Air Magic
 - Level 3.0 Poison Magic


You had 16 spell levels left.
You knew the following spells:

 Your Spells              Type           Power      Damage    Failure   Level
a - Magic Dart            Conj           100%       1d8       0%          1
b - Mephitic Cloud        Conj/Pois/Air  65%        N/A       1%          3
c - Iskenderun's Mystic   Conj/Tloc      67%        2d14      1%          4
d - Searing Ray           Conj           100%       2d8       0%          2
e - Freezing Cloud        Conj/Ice/Air   32%        6-21      1%          5
f - Orb of Destruction    Conj           41%        9d11      5%          7
g - Swiftness             Air            61%        N/A       1%          3

Your spell library contained the following spells:

 Spells                   Type           Power      Damage    Failure   Level
 Stone Arrow              Conj/Erth      100%       3d13      1%          3
 Shock                    Conj/Air       100%       1d9       1%          1
 Cigotuvi's Dreadful Rot  Necr/Pois/Air  90%        N/A       1%          2
 Poisonous Vapours        Pois/Air       100%       N/A       1%          2
 Dazzling Flash           Conj/Hex       100%       N/A       1%          3
 Airstrike                Air            30%        2d(5-21)  1%          4
 Fulminant Prism          Conj/Hex       30%        3d15      1%          4
 Summon Guardian Golem    Hex/Summ       24%        N/A       5%          3
 Dispel Undead            Necr           24%        3d12      19%         4
 Spellforged Servitor     Conj/Summ      30%        N/A       65%         7
 Death Channel            Necr           12%        N/A       95%         6


Dungeon Overview and Level Annotations

Branches:
Dungeon (9/15)             Temple (1/1) D:6            Lair (2/5) D:9
  Swamp: Lair:2-3    Shoals: Lair:2-3     Snake: Lair:2-3    Spider: Lair:2-3
    Orc: D:9-12

Altars:
Ashenzari
Cheibriados
Dithmenos
Elyvilon
Fedhas
Gozag
Hepliaklqana
Kikubaaqudgha
Makhleb
Nemelex Xobeh
Okawaru
Qazlal
Ru
Sif Muna
Trog
Uskayaw
Vehumet
Wu Jian
Xom
Yredelemnul
Zin
The Shining One
Lugonu

Shops:
D:8 =*


Message History

Confirm with . or Enter, or press ? or * to list all spells.
Aiming: Magic Dart (safe; 0% risk of failure)
Press: ? - help, Shift-Dir - straight line, f - cane toad
Aim: a cane toad (asleep, 100% to hit)
The magic dart hits the cane toad but does no damage.
The cane toad gives a loud, deep croak!
The cane toad enters a dispersal trap!
You blink.
The cane toad blinks!
Magic restored.
Found a scale mail.
The cane toad stings you but does no damage.
Casting: Magic Dart (safe; 0% risk of failure)
Confirm with . or Enter, or press ? or * to list all spells.
Aiming: Searing Ray (safe; 0% risk of failure)
Press: ? - help, Shift-Dir - straight line, f/p - cane toad
Aim: a cane toad (85% to hit)
The searing ray hits the cane toad.
The cane toad is lightly wounded. (Press . to maintain the ray.)
The cane toad stings you! x2
The searing ray hits the cane toad!
The cane toad is moderately wounded.
The cane toad stings you.
You are poisoned.
The cane toad poisons you!
Unknown command.
Casting: Searing Ray (safe; 0% risk of failure)
Confirm with . or Enter, or press ? or * to list all spells.
You feel quick.
You feel very sick.
The cane toad stings you but does no damage.
A cane toad is nearby!
* * * LOW HITPOINT WARNING * * *
You feel very sick.
The cane toad attacks as it pursues you!
The cane toad stings you but does no damage.
* * * LOW HITPOINT WARNING * * *
You feel very sick.
The cane toad attacks as it pursues you!
The cane toad stings you!
You die...

..P#.. ..... .....
...... ...# .....
...#P. ... ......
# ##.P ......
#.####..####......
..<...............
###...............
.......<@F...$.[..
........#.#.###.#P
.................
........##P......
......... ..^.....
...#.#... .#.##...
.....##.# ...# #..
..... ... .... ..
. ## ###.P


You could see a cane toad.

Vanquished Creatures
  A two-headed ogre (D:8)
  3 elephants (Lair:1)
  2 cane toads (Lair:1)
  Jeremiah (Lair:1)
  2 komodo dragons
  Maggie (D:8)
  3 trolls
  A polar bear (Lair:1)
  A shadow (D:9)
  A wyvern (Lair:1)
  28 yaks
  Grum (Lair:1)
  2 basilisks
  6 water moccasins
  3 orc warriors
  2 black bears
  3 ice beasts
  A sky beast (D:7)
  5 ogres
  A centaur (D:9)
  7 wolves (Lair:1)
  8 bullfrogs
  2 gnoll sergeants
  4 scorpions
  10 killer bees
  2 howler monkeys
  An electric eel (Lair:1)
  8 hounds
  2 orc priests
  2 jellies
  6 sleepcaps
  Jessica (D:3)
  2 iguanas
  2 orc wizards
  14 gnolls
  11 adders
  4 white imps
  2 ufetubi (D:7)
  2 worms
  3 dart slugs
  27 orcs
  4 endoplasms
  2 giant cockroaches
  9 goblins
  5 hobgoblins
  8 jackals
  3 quokkas
  9 ball pythons
  8 bats
  3 frilled lizards (D:2)
  12 kobolds
  5 rats
256 creatures vanquished.

Vanquished Creatures (collateral kills)
  A kobold brigand (D:8)
1 creature vanquished.

Grand Total: 257 creatures vanquished

Notes
Turn   | Place    | Note
-------+----------+-------------------------------------------
     0 | D:1      | BinkBink the Deep Elf Conjurer began the quest for the Orb.
     0 | D:1      | Reached XP level 1. HP: 10/10 MP: 6/6
   249 | D:1      | Reached XP level 2. HP: 15/15 MP: 1/8
   658 | D:1      | Reached skill level 4 in Spellcasting
   774 | D:1      | Reached skill level 5 in Conjurations
   774 | D:1      | Reached XP level 3. HP: 19/19 MP: 8/10
  1554 | D:2      | Reached XP level 4. HP: 24/24 MP: 8/12
  1604 | D:2      | Learned a level 3 spell: Mephitic Cloud
  1609 | D:2      | Learned a level 4 spell: Iskenderun's Mystic Blast
  1881 | D:3      | Noticed Jessica
  1949 | D:3      | Found a faded altar of an unknown god.
  2028 | D:3      | Reached skill level 5 in Spellcasting
  2080 | D:3      | Reached XP level 5. HP: 25/28 MP: 2/15
  2486 | D:3      | Reached skill level 6 in Spellcasting
  2668 | D:3      | Killed Jessica
  3011 | D:3      | Reached XP level 6. HP: 32/32 MP: 14/17
  3491 | D:5      | Entered Level 5 of the Dungeon
  3725 | D:5      | Learned a level 2 spell: Searing Ray
  3742 | D:5      | Reached skill level 7 in Spellcasting
  4086 | D:4      | Reached XP level 7. HP: 33/36 MP: 2/20
  4454 | D:4      | Reached skill level 8 in Spellcasting
  4919 | D:4      | Found a blossoming altar of Fedhas.
  4923 | D:4      | Found a basalt altar of Yredelemnul.
  5147 | D:5      | Found a snail-covered altar of Cheibriados.
  5175 | D:5      | Reached skill level 1 in Translocations
  5363 | D:5      | Reached skill level 1 in Air Magic
  5363 | D:5      | Reached skill level 1 in Poison Magic
  5363 | D:5      | Reached XP level 8. HP: 41/41 MP: 15/22
  5809 | D:5      | Reached skill level 9 in Spellcasting
  6009 | D:6      | Found an ornate altar of the Wu Jian Council.
  6012 | D:6      | Found an opulent altar of Gozag.
  6066 | D:6      | Found a staircase to the Ecumenical Temple.
  6081 | Temple   | Entered the Ecumenical Temple
  6250 | D:6      | Learned a level 5 spell: Freezing Cloud
  6295 | D:6      | Learned a level 7 spell: Orb of Destruction
  6559 | D:6      | Identified the +7 long sword "Ziul" {vamp, rF+ Int+3}
  7093 | D:7      | Found a radiant altar of Vehumet.
  7098 | D:7      | Became a worshipper of Vehumet
  7127 | D:7      | Reached skill level 10 in Spellcasting
  7245 | D:7      | Reached XP level 9. HP: 45/45 MP: 8/25
  7382 | D:7      | Found a shadowy altar of Dithmenos.
  7419 | D:7      | Found a sparkling altar of Nemelex Xobeh.
  7449 | D:7      | Reached skill level 1 in Ice Magic
  8122 | D:7      | Found a sacrificial altar of Ru.
  8460 | D:8      | Reached skill level 11 in Spellcasting
  8539 | D:8      | Identified the +8 long sword of Purpose {flame, Int+4}
  8539 | D:8      | Noticed Maggie
  8552 | D:8      | HP: 2/45 [Maggie/bolt of fire (13)]
  8553 | D:8      | Killed Maggie
  8553 | D:8      | Reached * piety under Vehumet
  8553 | D:8      | Offered knowledge of Freeze by Vehumet.
  8554 | D:8      | Reached skill level 10 in Conjurations
  8558 | D:8      | Learned a level 3 spell: Swiftness
  8980 | D:8      | Found an iron altar of Okawaru.
  8980 | D:8      | Found a shimmering blue altar of Sif Muna.
  8981 | D:8      | Found a burning altar of Makhleb.
  9062 | D:8      | Found Winits's Assorted Antiques.
  9066 | D:8      | Bought a fuming brown potion for 29 gold pieces
  9066 | D:8      | Bought a scroll labelled WAPI NIERIZUO for 33 gold pieces
  9073 | D:8      | Found Yntuil's Jewellery Boutique.
  9318 | D:8      | Reached skill level 12 in Spellcasting
  9425 | D:8      | Found a bloodstained altar of Trog.
  9486 | D:8      | Noticed a troll
  9499 | D:8      | Killed a troll
  9663 | D:9      | Noticed a two-headed ogre
  9728 | D:8      | Killed a two-headed ogre
  9729 | D:8      | Reached XP level 10. HP: 50/50 MP: 9/28
  9863 | D:9      | Noticed a +0 short sword
  9863 | D:9      | Noticed a +0 spear
  9864 | D:9      | Noticed a +0 dagger
  9864 | D:9      | Noticed a +0 spear
  9865 | D:9      | Noticed a +0 dagger
  9866 | D:9      | Noticed a +0 falchion
  9866 | D:9      | Noticed a +0 falchion
  9867 | D:9      | Found a hide-covered altar of Uskayaw.
  9867 | D:9      | Noticed a +0 short sword
  9994 | D:8      | Reached skill level 13 in Spellcasting
 10856 | D:9      | Found a glowing silver altar of Zin.
 11183 | D:9      | Reached skill level 14 in Spellcasting
 11236 | D:9      | Found a hazy altar of Hepliaklqana.
 11703 | D:9      | Found a staircase to the Lair.
 11715 | D:11     | Identified the "Qeudd"
 11715 | Lair:1   | Entered Level 1 of the Lair of Beasts
 11759 | Lair:1   | Noticed Jeremiah
 11767 | Lair:1   | Killed Jeremiah
 11773 | Lair:1   | Reached skill level 5 in Air Magic
 11777 | Lair:1   | Reached XP level 11. HP: 53/54 MP: 8/31
 11818 | Lair:1   | Offered knowledge of Static Discharge by Vehumet.
 11821 | Lair:1   | Reached ** piety under Vehumet
 12358 | Lair:1   | Noticed Grum
 12370 | Lair:1   | Reached skill level 15 in Spellcasting
 12379 | Lair:1   | Killed Grum
 13736 | Lair:1   | Offered knowledge of Stone Arrow by Vehumet.
 14192 | Lair:2   | Slain by a cane toad

Illustrated notes

Levels and vault maps discovered:
D:1:      wander_arrival_fairy_ring, layout_loops_cross,
          chequers_serial_rivers_micro_c, minmay_surrounded
D:2:      layout_loops_ring, dreamdust_mushroom_princess
D:3:      layout_basic, hellmonk_ecumenical_altar_run_dry, skrybe_limestone_x,
          uniq_jessica
D:4:      layout_basic, mainiacjoe_overflow_big_doors, abandoned_shop,
          minmay_pentangle
D:5:      layout_loops_ring, cheibriados_altar_1, minivault_5
D:6:      layout_loops_ring, minitemple, minmay_temple_entry_antechambers,
          hangedman_decor_growths
D:7:      layout_gridville, nemelex_xobeh_ov_fountains_minmay,
          grunt_dithmenos_smoke_and_mirrors, nicolae_ru_sacrificial_ziggurat,
          fiery_altar_vehumet
D:8:      layout_loops_ring, lemuel_tele_altar, gammafunk_temple_overflow_claw,
          serial_shops, shop, minmay_shop_enchanted_jewellery, uniq_maggie
D:9:      layout_cave_pools, nicolae_uskayaw_en_pointe,
          nicolae_overflow_hidden_temple, mainiacjoe_overflow_small_starburst,
          david_lair_shrubbed
Temple:   corrupted_temple
Lair:1:   layout_gridlike, grunt_megastairs_2, serial_bayou_shore_a,
          uniq_jeremiah, uniq_grum
Lair:2:   layout_long_grid, minmay_snake_entry_guardpost_medium

Skill      XL: |  1  2  3  4  5  6  7  8  9 10 11 |
---------------+----------------------------------+-----
Spellcasting   | 4 5 6 7 8 10 12 14 15 | 15.8
Conjurations   | 5 6 7 8 9 11 12 13 | 13.8
Translocations | 1 3 |  3.0
Air Magic      | 1 3 5 7 |  7.0
Poison Magic   | 1 3 |  3.0
Ice Magic      | 3 |  3.0
Dodging        | |  2.4
Stealth        | |  2.4

Action                     |  1- 3 |  4- 6 |  7- 9 | 10-12 || total
---------------------------+-------+-------+-------+-------++-------
  Melee: Long sword        |       |       |       |     3 ||     3
   Cast: Magic Dart        |    75 |   170 |   143 |   131 ||   519
         Searing Ray       |       |     9 |    81 |    84 ||   174
         Mephitic Cloud    |       |     2 |    21 |    45 ||    68
         Swiftness         |       |       |     1 |     8 ||     9
         Freezing Cloud    |       |       |       |    11 ||    11
         Iskenderun's Myst |       |       |       |     3 ||     3
    Use: Scroll            |       |     6 |     9 |     3 ||    18
         Potion            |       |     2 |       |     1 ||     3
   Stab: Confused          |       |       |       |     1 ||     1
 Armour: Robe              |     3 |    26 |    36 |    66 ||   131
  Dodge: Dodged            |     8 |    26 |    33 |    55 ||   122

Table legend: (Time is in decaauts)
 A = Elapsed time spent in this place.
 B = Non-inter-level travel time spent in this place.
 C = Inter-level travel time spent in this place.
 D = Time resting spent in this place.
 E = Time spent auto-exploring this place.
 F = Levels seen in this place.
 G = Mean time per level.
                   A        B        C        D        E       F      G
               +--------+--------+--------+--------+--------+-----+--------+
         Total |  14206 |  13697 |    509 |   1522 |  10140 |  12 | 1183.8 |
       Dungeon |  11704 |  11279 |    425 |    829 |   8831 |   9 | 1300.4 |
        Temple |     15 |      1 |     14 |      0 |      0 |   1 |   15.0 |
          Lair |   2487 |   2418 |     69 |    693 |   1308 |   2 | 1243.5 |
               +--------+--------+--------+--------+--------+-----+--------+

Top non-repeatable levels by time:
  Lair:1: 2448 daAuts
     D:8: 2301 daAuts
     D:4: 1587 daAuts
     D:7: 1361 daAuts
     D:5: 1315 daAuts
     D:1: 1135 daAuts
     D:6: 1053 daAuts
     D:2: 1013 daAuts
     D:9: 981 daAuts
     D:3: 955 daAuts
  Lair:2: 39 daAuts
  Temple: 15 daAuts
